 Dungeon Crawl Stone Soup version 0.31.0-32-g396128a36d (webtiles) character file.

Game seed: 12287469471683924318

62 Doomgape the Shield-Bearer (level 4, -2/29 HPs)
             Began as a Gargoyle Fighter on Apr 4, 2024.
             Incinerated by a bombardier beetle (7 damage)
             ... with a burning spray
             ... on level 3 of the Dungeon.
             The game lasted 00:04:42 (1678 turns).

Doomgape the Shield-Bearer (Gargoyle Fighter)       Turns: 1678, Time: 00:04:43

Health: -2/29      AC: 10    Str: 21    XL:     4   Next: 8%
Magic:  4/4        EV:  9    Int:  9    God:
Gold:   133        SH:  4    Dex:  9    Spells: 3/3 levels left

rFire   . . .        a - +0 flail
rCold   . . .        c - +0 buckler
rNeg    + + .        b - +0 scale mail
rPois   ∞            (no helmet)
rElec   +            (no cloak)
rCorr   .            (no gloves)
SInv    .            (no boots)
Will    .....        (no amulet) Stlth
                     k - ring of positive energy
HPRegen 0.24/turn    (no ring)
MPRegen 0.09/turn

%: no passive effects
@: on fire, glowing
A: sickness immunity, AC +3, negative energy resistance 1, electricity
resistance, torment resistance 1, petrification resistance
a: no special abilities


You were on level 3 of the Dungeon.
You visited 1 branch of the dungeon, and saw 4 of its levels.

You collected 133 gold pieces.

Inventory:

Hand Weapons
 a - a +0 flail (weapon)
Missiles
 t - 2 javelins (quivered)
Armour
 b - a +0 scale mail (worn)
 c - a +0 buckler (worn)
 h - a +1 pair of boots of stealth
Jewellery
 k - a ring of positive energy (left hand)
 p - a ring of fire
Scrolls
 e - a scroll of amnesia {unknown}
 g - a scroll of fear {unknown}
 j - a scroll of blinking {unknown}
 m - 2 scrolls of teleportation {unknown}
 n - a scroll of butterflies {unknown}
 o - a scroll of brand weapon {unknown}
 s - a scroll of identify {unknown}
Potions
 d - a potion of might
 f - a potion of curing {unknown}
 i - 2 potions of heal wounds {unknown}
 l - a potion of degeneration {unknown}
 q - a potion of enlightenment {unknown}
 r - a potion of brilliance {unknown}


   Skills:
 + Level 3.9 Fighting
 + Level 2.6 Maces & Flails
 + Level 3.9 Armour
 + Level 3.9 Shields


You had 3 spell levels left.
You didn't know any spells.
Your spell library was empty.

Dungeon Overview and Level Annotations

Branches:
Dungeon (4/15)
 Temple: D:4-7

Altars:


Innate Abilities, Weirdness & Mutations

You are immune to sickness and miasma.
Your stone body is resilient. (AC +3)
You are immune to poison.
You resist negative energy. (rN+)
You are resistant to electric shocks. (rElec)
You are resistant to unholy torment.
You are immune to petrification.


Message History

You kill the hobgoblin!
You see here a hobgoblin corpse.
A frilled lizard comes into view.
The frilled lizard hisses angrily.
You miss the frilled lizard. You block the frilled lizard's attack.
You closely miss the frilled lizard. The frilled lizard bites you.
You thump the frilled lizard!
You kill the frilled lizard!
Found a mace.
You see here a +0 mace.
Found a club.
A bombardier beetle comes into view.
You aren't carrying any items that you can evoke.
The bombardier beetle sprays incendiary fluid at you.
The burning spray hits you.
You are covered in liquid fire!
The liquid fire burns you!
You shake off some of the fire as you move.
The liquid fire burns you!
The bombardier beetle sprays incendiary fluid at you.
The burning spray hits you.
You are even more covered in liquid fire!
You shake off some of the fire as you move.
The liquid fire burns you!
You hit the bombardier beetle.
The bombardier beetle is lightly wounded.
The liquid fire burns you!
The bombardier beetle sprays incendiary fluid at you.
The burning spray hits you.
You are even more covered in liquid fire!
You sock the bombardier beetle!
The bombardier beetle is severely wounded.
The liquid fire burns you!
* * * LOW HITPOINT WARNING * * *
The bombardier beetle bites you.
* * * LOW HITPOINT WARNING * * *
You hit the bombardier beetle but do no damage.
The bombardier beetle is severely wounded.
The liquid fire burns you!
You die...

#.# #.# #.# #)# ## #.#
... #.# .... #.# .....
##################......
................@B....#
#################.)..##
# #.# #............##
####.# #.#####......#
.....###.## ...#
####......# ...# #
#......# #### #
#......########
#..............


You could see a bombardier beetle.

Vanquished Creatures
  An adder (D:3)
  A ribbon worm (D:2)
  2 bats
  An endoplasm (D:1)
  A giant cockroach (D:2)
  3 goblins
  6 hobgoblins
  4 jackals (D:2)
  3 quokkas
  8 ball pythons
  4 frilled lizards
  7 kobolds
  5 rats
46 creatures vanquished.

Notes
Turn   | Place    | Note
-------+----------+-------------------------------------------
     0 | D:1      | Doomgape the Gargoyle Fighter began the quest for the Orb.
     0 | D:1      | Reached XP level 1. HP: 14/14 MP: 1/1
    83 | D:1      | Reached XP level 2. HP: 17/19 MP: 2/2
   290 | D:1      | Found a faded altar of an unknown god.
   983 | D:2      | Reached XP level 3. HP: 21/23 MP: 3/3
  1405 | D:2      | You fall into a shaft and drop 2 floors!
  1493 | D:3      | Reached XP level 4. HP: 29/29 MP: 4/4
  1678 | D:3      | Incinerated by a bombardier beetle

Illustrated notes

Levels and vault maps discovered:
D:1:      minmay_arrival_shoal_huts, layout_basic, ebering_ecumenical_altar_box,
          lexackson_kobold_supper
D:2:      layout_loops_ring, serial_forest, infiniplex_forest_lined_2,
          infiniplex_forest_corner_2, infiniplex_forest_end_2,
          infiniplex_forest_fountain, infiniplex_forest_lined_4_way,
          infiniplex_forest_straight_5
D:3:      layout_basic, grunt_gozag_breadcrumbs, grunt_ministairs_10
D:4:      minmay_goblin_kobold_castle, layout_rooms,
          nicolae_ru_sacrificial_ziggurat, minmay_temple_entry_statues_pillars,
          minmay_bent

Action                     |  1- 3 |  4- 6 || total
---------------------------+-------+-------++-------
  Melee: Flail             |   150 |    14 ||   164
 Armour: Scale mail        |   135 |     7 ||   142
  Dodge: Dodged            |    74 |     3 ||    77
  Block: Buckler           |    47 |     4 ||    51
